 Dungeon Crawl Stone Soup version 0.30-a0-622-gddc90eaa04 (webtiles) character file.

Game seed: 8849445856876326447

686 Leeroy the Covert (level 7, -1/36 HPs)
             Began as a Kobold Enchanter on Jan 10, 2023.
             Was a Priest of Elyvilon.
             Slain by an ice beast (9 damage)
             ... on level 5 of the Dungeon.
             The game lasted 00:06:50 (4828 turns).

Leeroy the Covert (Kobold Enchanter)                Turns: 4828, Time: 00:06:50

Health: -1/36      AC:  2    Str:  5    XL:     7   Next: 94%
Magic:  5/10       EV: 15    Int: 17    God:    Elyvilon [***...]
Gold:   260        SH:  0    Dex: 17    Spells: 5/10 levels left

rFire   . . .      SeeInvis +    r - +1 short sword (venom)
rCold   . . .      Faith    .    (no shield)
rNeg    . . .      Spirit   .    b - +0 robe
rPois   .          Reflect  .    (no helmet)
rElec   .          Harm     .    (no cloak)
rCorr   .          Rampage  .    (no gloves)
Will    .....                    (no boots)
Stlth   ++++++                   (no amulet)
HPRegen 0.26/turn                d - ring of see invisible
MPRegen 0.12/turn                n - ring of wizardry

@: no status effects
A: small, no large weapons, nightstalker 3
a: Renounce Religion, Purification, Heal Other, Heal Self


You were on level 5 of the Dungeon.
You worshipped Elyvilon.
Elyvilon was most pleased with you.
You visited 2 branches of the dungeon, and saw 6 of its levels.

You collected 260 gold pieces.

Inventory:

Hand Weapons
 a - a +1 dagger
 r - a +1 short sword of venom (weapon)
 v - a +1 short sword of venom
Armour
 b - a +0 robe (worn)
Jewellery
 d - a ring of see invisible (left hand)
 n - a ring of wizardry (right hand)
Wands
 o - a wand of flame (14)
Scrolls
 e - a scroll of enchant weapon {unknown}
 f - 6 scrolls of identify {unknown}
 h - a scroll of silence {unknown}
 j - a scroll of immolation {unknown}
 k - 2 scrolls of noise {unknown}
 l - 4 scrolls of teleportation {unknown}
 w - a scroll of blinking {unknown}
Potions
 c - 4 potions of invisibility
 g - 2 potions of brilliance {unknown}
 i - 2 potions of curing {unknown}
 m - a potion of ambrosia {unknown}
 p - a potion of resistance {unknown}
 q - a potion of haste {unknown}
 s - a potion of might {unknown}
 t - a potion of cancellation {unknown}
 u - a potion of attraction {unknown}


   Skills:
 - Level 1.3 Short Blades
 - Level 2.4 Dodging
 + Level 11.5 Stealth
 - Level 2.1 Spellcasting
 - Level 3.0 Hexes
 * Level 2.4 Ice Magic
 - Level 0.1 Invocations


You had 5 spell levels left.
You knew the following spells:

 Your Spells              Type           Power      Damage    Failure   Level
a - Ensorcelled Hibernat  Hex/Ice        22%        N/A       4%          2
b - Dazzling Flash        Conj/Hex       12%        N/A       12%         3

Your spell library contained the following spells:

 Spells                   Type           Power      Damage    Failure   Level
 Confusing Touch          Hex            12%        N/A       7%          3
 Tukima's Dance           Hex            12%        N/A       7%          3
 Sandblast                Erth           2%         2d4       8%          1
 Summon Small Mammal      Summ           4%         N/A       8%          1
 Passwall                 Tmut/Erth      0%         N/A       12%         2
 Summon Guardian Golem    Hex/Summ       6%         N/A       12%         3
 Call Canine Familiar     Summ           1%         N/A       22%         3
 Spider Form              Tmut/Pois      1%         N/A       22%         3
 Stone Arrow              Conj/Erth      2%         3d7       22%         3
 Anguish                  Hex/Necr       3%         N/A       38%         4


Dungeon Overview and Level Annotations

Branches:
Dungeon (5/15)             Temple (1/1) D:4

Altars:
Cheibriados
Elyvilon
Gozag
Kikubaaqudgha
Makhleb
Ru
Trog
Xom
Yredelemnul
Zin


Innate Abilities, Weirdness & Mutations

You are small and have problems with some larger weapons.
You are completely attuned to the shadows.


Message History

You kill the worm!
You open the door.
There is an open door here.
You open the door.
There is an open door here.
A worm comes into view.
An ice beast comes into view.
You hit the worm.
The worm is poisoned.
The worm is lightly wounded.
The worm bites you!
Casting: Ensorcelled Hibernation (safe; 4% risk of failure)
Confirm with . or Enter, or press ? or * to list all spells.
Aiming: Ensorcelled Hibernation (safe; 4% risk of failure)
Press: ? - help, Shift-Dir - straight line, f - worm
Aim: a worm (lightly wounded, very poisoned, chance to affect: 53%)
The worm looks drowsy...
The ice beast hits you. The ice beast freezes you!
* * * LOW HITPOINT WARNING * * *
Casting: Ensorcelled Hibernation (safe; 4% risk of failure)
Confirm with . or Enter, or press ? or * to list all spells.
The spell is quite dangerous to miscast (12% risk of failure)!
Continue anyway?
Casting: Dazzling Flash (quite dangerous; 12% risk of failure)
Press: ? - help, Dir - look around, f - activate The worm is dazzled.
The ice beast barely misses you. The worm closely misses you.
You hit the worm.
The worm looks as sick as possible!
The worm is moderately wounded.
The ice beast closely misses you. The worm closely misses you.
You hit the worm.
The worm looks as sick as possible!
The worm is heavily wounded.
The ice beast hits you but does no damage.
You catch the helpless worm completely off-guard!
You impale the worm!!
You kill the worm!
The ice beast misses you.
You hit the ice beast.
The ice beast is lightly wounded.
The ice beast hits you.
* * * LOW HITPOINT WARNING * * *
The ice beast freezes you!
You die...

#.##
#...###
#.....#
#..†Y.#
#...@.#
#.....#####
#..........
#..........
#..........
#..........
..........
..........
.....#####


You could see an ice beast.

Vanquished Creatures
  An ogre (D:4)
  A kobold brigand (D:4)
  A necrophage (D:4)
  A scorpion (D:4)
  A vampire bat (D:4)
  3 hounds (D:4)
  Crazy Yiuf (D:2)
  Terence (D:2)
  6 adders
  An ufetubus (D:4)
  3 worms
  3 dart slugs
  3 fire bats (D:4)
  2 orcs
  2 spectral bats (D:4)
  15 bats
  3 bat skeletons (D:4)
  A bat zombie (D:4)
  5 endoplasms
  4 giant cockroaches
  7 goblins
  5 hobgoblins
  10 jackals (D:3)
  9 kobolds
  3 quokkas
  6 ball pythons
  A bat simulacrum (D:4)
  3 frilled lizards
  5 rats
107 creatures vanquished.

Notes
Turn   | Place    | Note
-------+----------+-------------------------------------------
     0 | D:1      | Leeroy the Kobold Enchanter began the quest for the Orb.
     0 | D:1      | Reached XP level 1. HP: 10/10 MP: 3/3
   268 | D:1      | Reached XP level 2. HP: 13/15 MP: 5/5
   299 | D:1      | Reached skill level 5 in Stealth
   702 | D:1      | Reached XP level 3. HP: 19/19 MP: 6/6
   977 | D:2      | Found a faded altar of an unknown god.
   981 | D:2      | Prayed at the altar of an unknown god.
   981 | D:2      | Became a worshipper of Elyvilon the Healer
   981 | D:2      | Reached * piety under Elyvilon
  1061 | D:2      | Found a shimmering altar of Xom.
  1112 | D:2      | Reached skill level 6 in Stealth
  1115 | D:2      | Learned a level 2 spell: Ensorcelled Hibernation
  1119 | D:2      | Learned a level 3 spell: Dazzling Flash
  1352 | D:2      | Found a runed translucent door.
  1355 | D:2      | Noticed Crazy Yiuf
  1362 | D:2      | Killed Crazy Yiuf
  1363 | D:2      | Reached XP level 4. HP: 16/24 MP: 2/7
  1493 | D:2      | Noticed Terence
  1496 | D:2      | Killed Terence
  1497 | D:2      | Reached skill level 7 in Stealth
  1652 | D:2      | Reached XP level 5. HP: 28/28 MP: 8/8
  1680 | D:2      | Reached ** piety under Elyvilon
  2415 | D:3      | Reached skill level 8 in Stealth
  3230 | D:4      | Reached *** piety under Elyvilon
  3238 | D:4      | Reached XP level 6. HP: 32/32 MP: 9/9
  3285 | D:4      | Reached skill level 9 in Stealth
  3483 | D:4      | Reached skill level 1 in Ice Magic
  3526 | D:4      | Reached skill level 10 in Stealth
  3526 | D:4      | Reached XP level 7. HP: 36/36 MP: 5/10
  3894 | D:4      | Reached skill level 11 in Stealth
  3986 | D:4      | Found a staircase to the Ecumenical Temple.
  4043 | Temple   | Entered the Ecumenical Temple
  4783 | D:5      | Entered Level 5 of the Dungeon
  4828 | D:5      | Slain by an ice beast

Illustrated notes

Levels and vault maps discovered:
D:1:      minmay_arrival_radiant_lines, layout_basic,
          chequers_serial_rivers_micro_d, minmay_tetromino_l2
D:2:      layout_loops_ring, shapermc_ecumenical_altar_ellora, basic_altar,
          kennysheep_cross_room, uniq_crazy_yiuf_cottage, uniq_terence
D:3:      layout_loops_ring, columned_hall_lemuel, minmay_quadrilaterals
D:4:      layout_loops_corners, minmay_temple_entry_junction_2,
          wad_floor_pattern_untrapped, goddamned_bats
D:5:      layout_gridville, minmay_overflow_temple_hex, uniq_duvessa
Temple:   nicolae_temple_bog_church

Skill      XL: |  1  2  3  4  5  6  7 |
---------------+----------------------+-----
Stealth        | 5 6 7 8 10 11 | 11.5
Ice Magic      | 1 2 |  2.4
Short Blades   | |  1.3
Dodging        | |  2.4
Spellcasting   | |  2.1
Hexes          | |  3.0
Invocations    | |  0.1

Action                   |  1- 3 |  4- 6 |  7- 9 || total
-------------------------+-------+-------+-------++-------
Melee: Dagger            |    87 |     1 |       ||    88
       Punch             |     3 |     2 |     1 ||     6
       Short sword       |       |   122 |    88 ||   210
 Cast: Ensorcelled Hiber |     2 |     7 |     6 ||    15
       Dazzling Flash    |       |       |     1 ||     1
Invok: Purification      |     1 |       |       ||     1
 Stab: Sleeping          |    13 |    28 |    12 ||    53
       Invisible         |       |       |     1 ||     1
Armor: Robe              |    11 |    25 |    38 ||    74
Dodge: Dodged            |    48 |   123 |   143 ||   314

Table legend: (Time is in decaauts)
 A = Elapsed time spent in this place.
 B = Non-inter-level travel time spent in this place.
 C = Inter-level travel time spent in this place.
 D = Time resting spent in this place.
 E = Time spent auto-exploring this place.
 F = Levels seen in this place.
 G = Mean time per level.
                   A        B        C        D        E       F      G
               +--------+--------+--------+--------+--------+-----+--------+
         Total |   4824 |   4676 |    148 |     47 |   3922 |   6 |  804.0 |
       Dungeon |   4524 |   4403 |    121 |     47 |   3660 |   5 |  904.8 |
        Temple |    300 |    273 |     27 |      0 |    262 |   1 |  300.0 |
               +--------+--------+--------+--------+--------+-----+--------+

Top non-repeatable levels by time:
     D:4: 1545 daAuts
     D:2: 1111 daAuts
     D:1: 923 daAuts
     D:3: 899 daAuts
  Temple: 300 daAuts
     D:5: 44 daAuts
